Map: Disco Bloodbath LE

Players

ShoWTimE

  • Race: Protoss Protoss
  • Spawn Location: 9:00

Dark - Winner!

  • Race: Zerg Zerg
  • Spawn Location: 3:00

Event: 2019 WCS Global FInals

VOD

Have the link to the VOD?

Description

Time

  • Played on: Oct. 23, 2019, 11:29 p.m.
  • Length: 10:08

All games in this series

Show
View Real Time Build Order
Export as new Build Order

ShoWTimE Protoss 

Build Orders: 1 Gate Expand, Oracle Opening, Phoenix Opening, Archon Immortal 

Get SALT Encoding   

  12  0:00  Probe  
  13  0:12  Probe  
  14  0:17  Pylon  
  14  0:24  Probe  
  14  0:28  Assimilator  
  15  0:36  Probe  
  16  0:43  Gateway  
  16  0:49  Probe (Chrono Boost)  
  17  1:00  Probe (Chrono Boost)  
  18  1:04  Probe (Chrono Boost)  
  19  1:15  Probe  
  20  1:29  Cybernetics Core  
  20  1:36  Nexus  
  20  1:38  Probe  
  21  1:42  Assimilator  
  21  1:50  Pylon  
  21  1:52  Probe  
  22  2:04  Probe  
  23  2:08  Stargate  
  23  2:09  Adept (Chrono Boost)  
  25  2:16  Probe  
  25  2:21  Warp Gate  
  26  2:28  Probe  
  27  2:30  Adept (Chrono Boost)  
  29  2:40  Probe  
  30  2:48  Probe  
  30  2:50  Oracle (Chrono Boost)  
  31  2:52  Probe  
  35  3:00  Probe  
  35  3:04  Pylon, Probe  
  37  3:12  Probe  
  38  3:17  Oracle (Chrono Boost), Probe  
  42  3:24  Probe  
  42  3:26  Gateway  
  43  3:29  Probe  
  44  3:36  Probe  
  44  3:41  Probe  
  46  3:46  Assimilator  
  46  3:47  Phoenix (Chrono Boost)  
  46  3:48  Assimilator, Probe  
  48  3:53  Pylon, Probe  
  50  4:00  Probe  
  51  4:05  Probe  
  52  4:12  Probe (Chrono Boost)  
  56  4:20  Robotics Facility  
  56  4:23  Probe (Chrono Boost)  
  58  4:24  Probe (Chrono Boost), Adept  
  58  4:26  Adept  
  58  4:30  Pylon, Probe (Chrono Boost)  
  62  4:34  Pylon  
  62  4:42  Pylon  
  62  4:45  Nexus  
  59  4:48  Pylon  
  59  4:51  Gateway, Probe  
  60  4:53  Probe  
  60  4:56  Sentry x2  
  65  5:03  Probe  
  63  5:07  Observer (Chrono Boost)  
  63  5:08  Probe  
  65  5:15  Probe  
  65  5:20  Probe  
  67  5:23  Shield Battery, Sentry x2  
  67  5:26  Immortal (Chrono Boost), Pylon  
  75  5:29  Probe  
  75  5:32  Probe  
  75  5:34  Forge  
  77  5:39  Twilight Council  
  77  5:41  Probe  
  78  5:44  Probe  
  79  5:53  Probe (Chrono Boost)  
  79  5:54  Immortal (Chrono Boost), Zealot  
  79  5:56  Zealot  
  88  5:58  Probe (Chrono Boost)  
  88  6:00  Probe (Chrono Boost)  
  90  6:06  Protoss Ground Weapons Level 1  
  90  6:10  Probe (Chrono Boost)  
  93  6:11  Probe x2 (Chrono Boost)  
  93  6:15  Probe (Chrono Boost)  
  93  6:16  Probe (Chrono Boost)  
  93  6:18  Probe (Chrono Boost)  
  96  6:21  Zealot x3  
  96  6:24  Gateway, Probe  
  101  6:26  Probe  
  101  6:27  Assimilator  
  101  6:29  Probe  
  101  6:31  Assimilator  
  103  6:36  Probe  
  103  6:38  Probe, Charge (Chrono Boost)  
  106  6:41  Probe  
  106  6:42  Stargate  
  106  6:44  Warp Prism (Chrono Boost)  
  108  6:56  Gateway x2  
  108  7:02  Photon Cannon  
  108  7:03  Photon Cannon  
  108  7:07  Photon Cannon  
  108  7:14  Templar Archives  
  108  7:18  Gateway  
  108  7:21  Gateway  
  108  7:24  Pylon  
  108  7:28  Pylon  
  108  7:29  Pylon  
  108  7:34  Pylon  
  108  7:41  Immortal (Chrono Boost)  
  114  7:45  Shield Battery  
  114  7:46  Shield Battery  
  114  7:48  Shield Battery  
  114  7:50  Pylon  
  112  7:53  Zealot x5  
  103  8:12  Zealot  
  103  8:13  Immortal (Chrono Boost), Zealot x4  
  103  8:14  Zealot  
  103  8:18  Probe x3  
  103  8:19  Shield Battery  
  111  8:21  Shield Battery  
  111  8:25  Pylon  
  111  8:27  High Templar x2  
  111  8:30  Probe x3  
  111  8:32  Archon  
  118  8:36  Shield Battery  
  118  8:42  Probe x2  
  118  8:44  High Templar  
  118  8:45  High Templar x4  
  118  8:46  High Templar  
  132  8:49  Immortal (Chrono Boost), Pylon  
  132  8:50  Archon x3  
  132  8:51  Pylon  
  119  9:03  Probe  
  106  9:14  High Templar x2  
  110  9:17  Probe, Shield Battery  
  110  9:19  Probe, Shield Battery  
  110  9:20  Probe, Archon  
  110  9:21  Immortal, Pylon  
  110  9:22  High Templar x2  
  121  9:26  Archon  
  121  9:30  Probe  
  122  9:37  Zealot x4  
  130  9:50  High Templar x2  
  124  9:55  Archon  
  124  9:56  Zealot x2  
  112  10:00  Zealot x2  
Show
View Real Time Build Order
Export as new Build Order

Dark Zerg - Winner!

Build Orders: Hatch First, Swarm Host 

Get SALT Encoding   

  12  0:00  Drone  
  13  0:12  Overlord  
  13  0:17  Drone  
  14  0:30  Drone x2  
  16  0:52  Drone, Hatchery  
  17  0:57  Drone  
  17  0:59  Drone  
  18  1:11  Extractor  
  17  1:14  Spawning Pool  
  17  1:18  Drone  
  17  1:22  Drone  
  18  1:28  Drone  
  19  1:39  Drone  
  20  1:49  Hatchery  
  20  1:53  Drone  
  20  2:03  Queen  
  20  2:05  Drone x2  
  24  2:14  Queen  
  26  2:20  Overlord  
  26  2:24  Drone  
  26  2:28  Drone  
  28  2:35  Metabolic Boost  
  28  2:41  Drone x3  
  28  2:43  Zergling x2  
  32  2:48  Drone  
  33  2:53  Queen  
  33  2:56  Drone  
  36  3:03  Queen  
  36  3:04  Overlord  
  38  3:06  Drone  
  38  3:11  Drone x2  
  41  3:16  Drone  
  42  3:22  Overlord  
  42  3:24  Drone x5  
  47  3:28  Spore Crawler  
  47  3:29  Drone  
  47  3:32  Drone  
  48  3:37  Drone  
  45  3:44  Queen  
  45  3:45  Zergling x2  
  45  3:46  Zergling x2  
  49  3:49  Zergling x2  
  49  3:52  Spore Crawler  
  49  3:58  Drone x2  
  49  3:59  Drone  
  49  4:02  Drone x2  
  54  4:03  Drone  
  54  4:06  Drone  
  54  4:07  Drone x2  
  57  4:12  Drone x2  
  57  4:16  Overlord  
  58  4:17  Overlord  
  58  4:18  Extractor  
  58  4:19  Overlord  
  58  4:23  Overlord  
  57  4:24  Drone  
  58  4:31  Overlord  
  58  4:33  Overlord  
  58  4:36  Zergling x6  
  58  4:37  Drone x2  
  63  4:40  Drone  
  63  4:41  Drone  
  63  4:43  Drone  
  66  4:45  Lair  
  66  4:48  Drone x2  
  66  4:50  Drone x2  
  70  4:54  Drone  
  70  4:56  Drone x2  
  73  5:05  Drone x4  
  73  5:06  Drone x2  
  75  5:10  Roach Warren  
  75  5:13  Drone x3, Extractor  
  76  5:14  Extractor x2  
  76  5:15  Drone, Extractor  
  76  5:17  Drone  
  75  5:24  Drone x3  
  75  5:25  Drone x2  
  75  5:27  Drone  
  81  5:43  Hatchery  
  81  5:46  Overlord, Drone  
  81  5:47  Drone x2  
  81  5:49  Roach x3  
  89  5:50  Overseer  
  89  5:52  Drone x3  
  89  5:54  Glial Reconstitution  
  89  5:57  Spire  
  91  5:58  Evolution Chamber  
  91  5:59  Drone  
  91  6:00  Drone  
  92  6:04  Overlord x2  
  92  6:05  Zergling x2  
  92  6:06  Zergling x2  
  94  6:16  Infestation Pit  
  93  6:19  Overlord  
  92  6:27  Overlord  
  92  6:29  Zerg Missile Weapons Level 1  
  92  6:39  Drone x5  
  98  6:40  Drone  
  98  6:43  Nydus Network  
  98  6:45  Drone x2  
  98  6:49  Overlord x4  
  97  7:00  Extractor  
  96  7:03  Extractor  
  96  7:04  Swarm Host x12  
  131  7:16  Swarm Host x2  
  131  7:21  Swarm Host  
  131  7:22  Swarm Host  
  140  7:26  Zergling x16  
  151  7:32  Zergling x4  
  151  7:33  Nydus Canal  
  151  7:36  Overlord  
  153  7:37  Zergling x2  
  153  7:42  Hive  
  153  7:44  Zergling x10  
  158  7:47  Nydus Canal  
  158  7:51  Zergling x16  
  167  7:54  Spore Crawler  
  167  7:56  Zergling x4  
  168  7:59  Zergling x2  
  168  8:02  Nydus Canal  
  168  8:08  Zergling x6  
  169  8:12  Zergling x2  
  169  8:13  Zergling x8  
  169  8:18  Overlord x2  
  168  8:22  Roach x3  
  168  8:23  Overlord  
  168  8:25  Overlord  
  174  8:28  Overlord, Nydus Canal  
  174  8:29  Overlord  
  174  8:31  Overlord  
  174  8:33  Overlord x2  
  173  8:35  Drone  
  173  8:38  Roach x5  
  184  8:45  Nydus Canal  
  184  8:47  Roach  
  186  8:51  Ravager x3  
  186  8:52  Roach x5  
  195  9:03  Roach x2  
  195  9:07  Nydus Canal  
  197  9:13  Hatchery  
  197  9:14  Overseer  
  197  9:15  Overseer  
  197  9:16  Pneumatized Carapace  
  196  9:25  Nydus Canal  
Tags
 
Add a new tag
Caveats
  • Supply blocks, unpowered buildings, or Contaminate may cause inaccurate times.
  • Supply counts are checked every 10 seconds.